 Dungeon Crawl Stone Soup version 0.32-a0-913-g739538afd8 (webtiles) character file.

Game seed: 7381241312219674575

2622 BobbitoMcGitto the Grappler (level 9, -3/84 HPs)
             Began as a Troll Fighter on Apr 8, 2024.
             Was a Believer of Makhleb.
             Slain by a gnoll
             ... wielding a +0 halberd
             ... led by a gnoll bouda
              (11 damage)
             ... on level 7 of the Dungeon.
             The game lasted 00:13:22 (4594 turns).

BobbitoMcGitto the Grappler (Troll Fighter)         Turns: 4594, Time: 00:13:23

Health: -3/84      AC:  5    Str: 28    XL:     9   Next: 34%
Magic:  8/8        EV:  9    Int:  5    God:    Makhleb [**....]
Gold:   284        SH:  9    Dex: 11    Spells: 8/8 levels left

rFire   x .          .
                       - Unarmed
rCold   + . .        b - +0 kite shield
rNeg    + . .        n - +1 toga "Victory" {*Victory Int+1 Slay+1 Clar}
rPois   .            (helmet restricted)
rElec   .            (no cloak)
rCorr   .            (gloves unavailable)
SInv    .            (boots unavailable)
Will    .....        (no amulet)
Stlth   +            h - ring of positive energy
HPRegen 1.14/turn    u - ring of ice
MPRegen 0.11/turn

%: clarity
@: weakened
A: large, unfitting armour, claws 3, regeneration 1, shaggy fur 1, tough skin 1
a: Renounce Religion, Minor Destruction


You were on level 7 of the Dungeon.
You worshipped Makhleb.
Makhleb was pleased with you.
You visited 1 branch of the dungeon, and saw 7 of its levels.

You collected 284 gold pieces.

Inventory:

Hand Weapons
 m - a +2 dagger of draining
 y - a +3 scimitar of flaming
 C - a +0 club
 D - a +0 flail
 E - a +1 hand axe of draining
Armour
 a - a +0 robe
 b - a +0 kite shield (worn)
 g - a +0 leather armour
 n - the +1 toga "Victory" (worn) {*Victory Int+1 Slay+1 Clar}
   (You found it on level 2 of the Dungeon)

   *Victory:  When the wearer kills a threatening monster, it has a chance to
   gain +1 AC, +1 Slay, and +1 Int, capping at +7.
   When the wearer uses a scroll or a potion with a hostile monster in sight,
   its bonuses reset to +0.
   Unequipping it also resets its bonuses to +0.
   Int+1:     It affects your intelligence (+1).
   Slay+1:    It affects your accuracy & damage with ranged weapons and melee
   (+1).
   Clar:      It protects you from confusion, rage, mesmerisation and fear.
 q - a +0 helmet of see invisible
 z - a +2 robe
 F - +0 acid dragon scales
Jewellery
 h - a ring of positive energy (left claw)
 u - a ring of ice (right claw)
Talismans
 G - a dragon-blood talisman
Wands
 t - a wand of polymorph (7)
Scrolls
 e - 7 scrolls of identify {unknown}
 l - 4 scrolls of revelation {unknown}
 o - a scroll of acquirement {unknown}
 v - 4 scrolls of teleportation {unknown}
 w - 2 scrolls of poison {unknown}
 A - 2 scrolls of vulnerability {unknown}
 B - a scroll of butterflies {unknown}
 H - 2 scrolls of blinking {unknown}
Potions
 c - a potion of might
 d - 2 potions of mutation {unknown}
 f - a potion of degeneration {unknown}
 i - 2 potions of cancellation {unknown}
 j - 2 potions of curing {unknown}
 k - 2 potions of haste {unknown}
 p - 3 potions of attraction {unknown}
 r - a potion of magic {unknown}
 s - a potion of brilliance {unknown}
 x - a potion of lignification {unknown}


   Skills:
 + Level 3.7 Fighting
 + Level 5.1 Dodging
 + Level 0.8 Stealth
 + Level 6.2 Shields
 + Level 9.2 Unarmed Combat


You had 8 spell levels left.
You didn't know any spells.
Your spell library contained the following spells:

 Spells                   Type           Power      Damage    Failure   Level
 Haunt                    Necr/Summ      0%         N/A       100%        7
 Borgnjor's Revivificati  Necr           0%         N/A       100%        8
 Death's Door             Necr           0%         N/A       100%        9


Dungeon Overview and Level Annotations

Branches:
Dungeon (7/15)             Temple (0/1) D:5

Altars:
Dithmenos
Elyvilon
Kikubaaqudgha
Makhleb
Uskayaw
Xom


Innate Abilities, Weirdness & Mutations

You are too large for most types of armour.
You have claws for hands.
Your natural rate of healing is unusually fast.
You are covered in fur. (AC +1)
You have tough skin. (AC +1)


Message History

The gnoll hits you from afar with a +0 halberd!
* * * LOW HITPOINT WARNING * * *
You scratch the gnoll bouda.
The gnoll bouda is lightly wounded.
The gnoll bouda gazes fiercely through you!
You feel as though you will be weak longer.
The gnoll bouda hits you with a +0 club!
* * * LOW HITPOINT WARNING * * *
You block the gnoll's attack.
You claw the gnoll bouda!
The gnoll bouda is severely wounded.
You block the gnoll's attack.
The gnoll bouda hits you with a +0 club.
* * * LOW HITPOINT WARNING * * *
You block the gnoll's attack.
You claw the gnoll bouda!
The gnoll bouda is almost dead.
The gnoll closely misses you.
The gnoll bouda hits you with a +0 club.
* * * LOW HITPOINT WARNING * * *
The gnoll hits you from afar with a +0 halberd!
* * * LOW HITPOINT WARNING * * *
You barely miss the gnoll bouda.
The gnoll bouda is almost dead.
The gnoll barely misses you. The gnoll bouda barely misses you.
You block the gnoll's attack.
You barely miss the gnoll bouda.
The gnoll bouda is almost dead.
You block the gnoll's attack. You block the gnoll bouda's attack.
The gnoll hits you from afar with a +0 halberd.
* * * LOW HITPOINT WARNING * * *
The gnoll bouda gazes fiercely through you!
You feel as though you will be weak longer.
The gnoll bouda barks out a call to the hunt!
The gnoll picks up the pace!
The gnoll is no longer moving quickly.
The gnoll bouda gazes fiercely through you!
You feel as though you will be weak longer.
The gnoll hits you from afar with a +0 halberd!
You die...

..... ##.. ##.#.......# #.....
.....###..###......#...# ##....
..........##gg##g..##..#####.....
#......##..#....##..##.####...
#........).##g...##...........
.............###....#..#.#.......
.......##.#.....gg.....######..#.
..........#............# .#.##
.........##..#..@.....## #.....
........##..##........# ......
.#...#.# ##..#...^.....# #.#....
#...#. #..#.......... ## ...
............ #.#..........
..#......... .....#.......


You could see a gnoll bouda and 3 gnolls.

Vanquished Creatures
  Maggie (D:6)
  A troll (D:7)
  Sigmund (D:5)
  Eustachio (D:5)
  Menkaure (D:6)
  A sky beast (D:6)
  2 orc warriors (D:6)
  2 black bears
  An ogre (D:6)
  A phantom (D:5)
  Blork the orc (D:5)
  A gnoll sergeant (D:6)
  2 scorpions (D:6)
  A howler monkey (D:6)
  3 jellies
  3 orc priests
  A sleepcap (D:4)
  3 hounds
  An iguana (D:6)
  8 orc wizards
  11 gnolls
  6 adders
  2 white imps (D:6)
  2 ufetubi (D:6)
  3 ribbon worms
  3 dart slugs
  20 orcs
  11 endoplasms
  2 giant cockroaches (D:1)
  5 goblins
  9 hobgoblins
  11 jackals
  A quokka (D:1)
  4 ball pythons
  4 bats
  2 frilled lizards (D:1)
  6 kobolds
  3 rats (D:1)
141 creatures vanquished.

Notes
Turn   | Place    | Note
-------+----------+-------------------------------------------
     0 | D:1      | BobbitoMcGitto the Troll Fighter began the quest for the
                  | Orb.
     0 | D:1      | Reached XP level 1. HP: 22/22 MP: 0/0
    91 | D:1      | Reached XP level 2. HP: 22/29 MP: 1/1
   306 | D:1      | Reached XP level 3. HP: 36/36 MP: 2/2
   602 | D:2      | Found a white marble altar of Elyvilon.
   655 | D:2      | Found the +0 toga "Victory" {*Victory Clar}
  1013 | D:2      | Reached XP level 4. HP: 29/44 MP: 3/3
  1023 | D:2      | Reached skill level 3 in Unarmed Combat
  1496 | D:3      | Noticed a black bear
  1505 | D:3      | Killed a black bear
  1506 | D:3      | Reached XP level 5. HP: 36/52 MP: 4/4
  1607 | D:3      | Found a white marble altar of Elyvilon.
  1636 | D:3      | Reached skill level 4 in Unarmed Combat
  1771 | D:3      | Found an ancient bone altar of Kikubaaqudgha.
  2369 | D:4      | Reached XP level 6. HP: 55/61 MP: 5/5
  2719 | D:4      | Found a burning altar of Makhleb.
  2727 | D:4      | Became a worshipper of Makhleb the Destroyer
  2934 | D:5      | Entered Level 5 of the Dungeon
  2935 | D:5      | Noticed Sigmund
  2941 | D:5      | Killed Sigmund
  2942 | D:5      | Reached skill level 5 in Unarmed Combat
  2944 | D:5      | Reached XP level 7. HP: 67/67 MP: 6/6
  3036 | D:5      | Noticed Eustachio
  3052 | D:5      | Killed Eustachio
  3076 | D:5      | Reached skill level 6 in Unarmed Combat
  3230 | D:5      | Found a staircase to the Ecumenical Temple.
  3250 | D:5      | Noticed Blork the orc
  3274 | D:5      | Killed Blork the orc
  3674 | D:6      | Reached XP level 8. HP: 72/75 MP: 7/7
  3677 | D:6      | Reached skill level 5 in Shields
  3704 | D:6      | Reached * piety under Makhleb
  3708 | D:6      | Reached skill level 7 in Unarmed Combat
  3988 | D:6      | Reached skill level 8 in Unarmed Combat
  4082 | D:6      | Noticed Menkaure
  4094 | D:6      | Killed Menkaure
  4162 | D:6      | Found a shadowy altar of Dithmenos.
  4195 | D:6      | Reached XP level 9. HP: 83/83 MP: 8/8
  4204 | D:6      | Reached ** piety under Makhleb
  4289 | D:6      | Found a hide-covered altar of Uskayaw.
  4338 | D:6      | Noticed Maggie
  4355 | D:6      | Killed Maggie
  4356 | D:6      | Reached skill level 5 in Dodging
  4473 | D:7      | Reached skill level 9 in Unarmed Combat
  4495 | D:7      | Found a shimmering altar of Xom.
  4552 | D:7      | Noticed a troll
  4558 | D:7      | Killed a troll
  4585 | D:7      | HP: 4/84 [gnoll/+0 halberd[a gnoll bouda] (8)]
  4587 | D:7      | HP: 1/84 [gnoll/+0 halberd[a gnoll bouda] (6)]
  4594 | D:7      | Slain by a gnoll

Illustrated notes

Levels and vault maps discovered:
D:1:      sevenhm_arrival_forest_fort_small_4, layout_basic, minmay_tripent
D:2:      layout_loops_corners, basic_altar, minmay_misc_feat_tiny
D:3:      layout_rooms, overflow_temple_1_default, mainiacjoe_overflow_catwalk,
          nicolae_elevator_lobby_asterisk
D:4:      layout_basic, mainiacjoe_overflow_surrounded_room,
          serial_library_regret_index_branch_corner
D:5:      layout_basic, minmay_temple_entry_junction, uniq_sigmund,
          uniq_blork_the_orc, uniq_eustachio
D:6:      layout_rooms, nicolae_uskayaw_suspiria, overflow_temple_1_default,
          uniq_menkaure, uniq_maggie
D:7:      layout_cave_pools, marbit_many_paths, gammafunk_ghost_necromancy,
          enter_bailey_5

Skill      XL: |  1  2  3  4  5  6  7  8  9 |
---------------+----------------------------+-----
Shields        | 3 4 5 6 |  6.2
Dodging        | 3 4 5 |  5.1
Unarmed Combat | 3 4 5 6 8 9 |  9.2
Fighting       | 3 |  3.7
Stealth        | |  0.8

Action                     |  1- 3 |  4- 6 |  7- 9 || total
---------------------------+-------+-------+-------++-------
  Melee: Unarmed           |    94 |   123 |   187 ||   404
    Use: Potion            |       |       |     1 ||     1
   Stab: Sleeping          |       |       |     1 ||     1
 Armour: Robe              |    66 |    74 |   154 ||   294
  Dodge: Dodged            |    36 |    34 |    84 ||   154
  Block: Kite shield       |    46 |    66 |   111 ||   223

Table legend: (Time is in decaauts)
 A = Elapsed time spent in this place.
 B = Non-inter-level travel time spent in this place.
 C = Inter-level travel time spent in this place.
 D = Time resting spent in this place.
 E = Time spent auto-exploring this place.
 F = Levels seen in this place.
 G = Mean time per level.
                   A        B        C        D        E       F      G
               +--------+--------+--------+--------+--------+-----+--------+
         Total |   4595 |   4493 |    102 |    103 |   2891 |   7 |  656.4 |
       Dungeon |   4595 |   4493 |    102 |    103 |   2891 |   7 |  656.4 |
               +--------+--------+--------+--------+--------+-----+--------+

Top non-repeatable levels by time:
     D:4: 955 daAuts
     D:2: 872 daAuts
     D:6: 796 daAuts
     D:5: 733 daAuts
     D:1: 593 daAuts
     D:3: 521 daAuts
     D:7: 122 daAuts
